 Dungeon Crawl Stone Soup version 0.21.1-1-g345015f (webtiles) character file.

315 nightchill the Chopper (level 6, -5/51 HPs)
             Began as a Formicid Fighter on June 22, 2018.
             Slain by a centaur (6 damage)
             ... on level 5 of the Dungeon.
             The game lasted 00:13:27 (4344 turns).

nightchill the Chopper (Formicid Fighter)           Turns: 4344, Time: 00:13:28

Health: -5/51      AC:  6    Str: 22      XL:     6   Next: 72%
Magic:  6/6        EV:  9    Int:  8      God:
Gold:   93         SH:  0    Dex:  9 (10) Spells: 5/5 levels left

rFire    . . .     SeeInvis +   a - +1 war axe
rCold    . . .     Gourm    .   (no shield)
rNeg     . . .     Faith    .   b - +0 scale mail
rPois    +         Spirit   .   (helmet unavailable)
rElec    .         Reflect  .   (no cloak)
rCorr    .         Harm     .   (no gloves)
MR       .....                  (no boots)
Stlth    ..........             (no amulet)
HPRegen  0.17/turn              g - ring of poison resistance
MPRegen  0.10/turn              (no ring)

@: no status effects
A: permanent stasis, dig shafts and tunnels, four strong arms, antennae 3
a: Dig, Shaft Self


You were on level 5 of the Dungeon.
You were near starving.

You visited 1 branch of the dungeon, and saw 5 of its levels.

You collected 93 gold pieces.

Inventory:

Hand Weapons
 a - a +1 war axe (weapon)
Missiles
 h - 190 stones (quivered)
Armour
 b - a +0 scale mail (worn)
 c - a +1 shield
Jewellery
 g - a ring of poison resistance (left hand)
 m - an uncursed ring of ice
Scrolls
 e - 2 scrolls of remove curse
 l - a scroll of identify
 p - 2 scrolls of immolation
 s - a scroll of enchant weapon
 t - 2 scrolls of enchant armour
Potions
 n - a potion of magic
 q - a potion of lignification
 u - a potion of resistance
Comestibles
 f - 6 rations


   Skills:
 + Level 5.1 Fighting
 * Level 5.5 Axes
 - Level 3.2 Armour
 - Level 3.6 Shields


You had 5 spell levels left.
You didn't know any spells.

Dungeon Overview and Level Annotations

Branches:
Dungeon (5/15)
 Temple: D:4-7

Altars:
Okawaru
Sif Muna

Annotations:
D:4 exclusion: downstairs


Innate Abilities, Weirdness & Mutations

You cannot be hasted, slowed, berserked, paralysed or teleported.
You can dig through walls and to a lower floor.
Your four strong arms can wield two-handed weapons with a shield.
You have a pair of large antennae on your head. (SInv)


Message History

The centaur is lightly wounded.
The centaur barely misses you.
The centaur hits you but does no damage.
You closely miss the centaur.
The centaur is lightly wounded.
The centaur hits you but does no damage.
You hit the centaur.
The centaur is moderately wounded.
The centaur hits you but does no damage.
The centaur hits you.
* * * LOW HITPOINT WARNING * * *
You closely miss the centaur.
The centaur is moderately wounded.
The centaur hits you but does no damage.
The centaur hits you.
* * * LOW HITPOINT WARNING * * *
You closely miss the centaur.
The centaur is moderately wounded.
The centaur hits you.
You die...

..........# #{#
########### #.#
#.# #.# #######
#(# ###
#.....###.#
..######.#.....(.#
{ {
#..........#..####
########.###.#{#@#
#.....##c## {
##########


You could see a centaur.

Vanquished Creatures
  A sky beast (D:5)
  The ghost of Merlin the Skirmisher, a weakling DsCK of Xom (D:3)
  A quasit (D:4)
  A hound (D:2)
  Jessica (D:3)
  A hound skeleton (D:4)
  2 adders (D:2)
  2 worms
  A leopard gecko (D:2)
  An orc (D:3)
  2 ball pythons
  4 giant cockroaches
  4 hobgoblins
  6 jackals
  11 kobolds
  A quokka (D:2)
  5 bats
  4 frilled lizards
  3 goblins
  10 rats
62 creatures vanquished.

Notes
Turn   | Place    | Note
-------+----------+-------------------------------------------
     0 | D:1      | nightchill the Formicid Fighter began the quest for the Orb.
     0 | D:1      | Reached XP level 1. HP: 18/18 MP: 1/1
   253 | D:1      | Reached XP level 2. HP: 15/24 MP: 2/2
  1283 | D:2      | Reached XP level 3. HP: 30/30 MP: 3/3
  1904 | D:2      | Reached XP level 4. HP: 36/37 MP: 4/4
  2414 | D:2      | Reached XP level 5. HP: 34/42 MP: 5/5
  2823 | D:3      | Found an iron altar of Okawaru.
  3338 | D:3      | Noticed Jessica
  3338 | D:3      | Noticed Merlin's ghost (weakling DsCK)
  3359 | D:3      | Killed Merlin's ghost
  3698 | D:3      | Killed Jessica
  3714 | D:3      | Found a deep blue altar of Sif Muna.
  3901 | D:5      | Entered Level 5 of the Dungeon
  3903 | D:5      | Noticed a centaur
  3934 | D:4      | Reached XP level 6. HP: 15/50 MP: 6/6
  4178 | D:4      | Reached skill level 5 in Axes
  4222 | D:5      | Noticed a sky beast
  4249 | D:5      | Killed a sky beast
  4249 | D:5      | Reached skill level 5 in Fighting
  4343 | D:5      | HP: 1/51 [centaur (6)]
  4344 | D:5      | Slain by a centaur

Skill      XL: |  1  2  3  4  5  6 |
---------------+-------------------+-----
Axes           | 3 4 5 |  5.5
Fighting       | 4 5 |  5.1
Armour         | |  3.2
Shields        | |  3.6

Action                   |  1- 3 |  4- 6 || total
-------------------------+-------+-------++-------
Melee: War axe           |   143 |   141 ||   284
 Abil: Dig               |       |     4 ||     4
  Use: Scroll            |       |    12 ||    12
       Potion            |       |     3 ||     3
  Eat: Chunk             |     3 |     7 ||    10
Armor: Scale mail        |    96 |   122 ||   218
Dodge: Dodged            |   105 |   127 ||   232
